 Dungeon Crawl Stone Soup version 0.30.1-11-g7821555f0a (webtiles) character file.

Game seed: 2789038379241361090

70082 Seranon the Martial Artist (level 15, -3/81 (121) HPs)
             Began as a Gnoll Delver on Dec 29, 2023.
             Was an Initiate of Gozag.
             Shot with an arrow by a centaur warrior (19 damage)
             ... on level 14 of the Dungeon.
             The game lasted 02:02:09 (29397 turns).

Seranon the Martial Artist (Gnoll Delver)          Turns: 29397, Time: 02:02:10

HP:   -3/81 (121)   AC: 21    Str: 13    XL:     15   Next: 32%
MP:   29/29         EV: 14    Int: 17    God:    Gozag
Gold: 1106          SH:  5    Dex: 15    Spells: 28/34 levels left

rFire   . . .        r - +9 dire flail (freeze)
rCold   . . .        (shield currently unavailable)
rNeg    . . .        o - +2 scale mail {rPois}
rPois   +            H - +0 helmet
rElec   .            w - +2 cloak {rPois}
rCorr   +            b - +0 pair of gloves
SInv    .            F - +3 pair of seven-league boots {Rampage+∞}
Will    +....        u - amulet of reflection
Stlth   ++++         a - ring of wizardry
HPRegen 0.33/turn    L - ring "Cadaonok" {rPois rCorr Int+3}
MPRegen 0.21/turn

%: reflection, rampage+∞, wizardry (x1)
@: about to teleport, marked, gold aura, studying Unarmed Combat, very heavily
drained, fire susceptible
A: fangs 1, strong nose, distributed training, MP-powered wands
a: Renounce Religion, Potion Petition, Call Merchant, Bribe Branch


You were on level 14 of the Dungeon.
You worshipped Gozag.
Gozag was most pleased with you.
You visited 4 branches of the dungeon, and saw 21 of its levels.

You collected 1567 gold pieces.
You paid 461 gold pieces to Gozag.

Inventory:

Hand Weapons
 e - a +2 shortbow of flaming
 r - a +9 dire flail of freezing (weapon)
 s - a +3 quick blade of electrocution
Missiles
 m - 8 javelins
 G - a throwing net
Armour
 b - a +0 pair of gloves (worn)
 o - a +2 scale mail of poison resistance (worn)
 w - a +2 cloak of poison resistance (worn)
 D - a +2 plate armour of fire resistance
 F - the +3 pair of seven-league boots (worn) {Rampage+∞}
   (You found it on level 5 of the Lair of Beasts)

   Rampage+∞: When moving toward enemies, its wearer moves as far as possible,
   alerting their target en route.
 H - a +0 helmet (worn)
Magical Staves
 k - a staff of fire
Jewellery
 a - a ring of wizardry (left hand)
 u - an amulet of reflection (around neck)
 z - a ring of wizardry
 C - an amulet of guardian spirit
 L - the ring "Cadaonok" (right hand) {rPois rCorr Int+3}
   (You found it on level 5 of the Lair of Beasts)

   [ring of poison resistance]

   Int:       It affects your intelligence (+3).
   rPois:     It protects you from poison.
   rCorr:     It protects you from acid and corrosion.
Wands
 g - a wand of digging (3)
 n - a wand of flame (17)
 p - a wand of polymorph (9)
 y - a wand of iceblast (10)
 E - a wand of charming (14)
Scrolls
 c - 6 scrolls of fog
 d - 3 scrolls of magic mapping
 i - 4 scrolls of amnesia
 l - a scroll of fear
 q - a scroll of enchant armour
 t - 8 scrolls of identify
 B - 2 scrolls of butterflies
 I - a scroll of noise {unknown}
Potions
 h - 6 potions of attraction
 j - 4 potions of brilliance
 x - 3 potions of lignification
 K - 5 potions of curing
 M - a potion of flight
Miscellaneous
 A - a phantom mirror


   Skills:
 + Level 12.2 Fighting
 + Level 10.3 Short Blades
 + Level 10.3 Long Blades
 + Level 11.3 Axes
 + Level 10.3 Maces & Flails
 + Level 10.3 Polearms
 + Level 10.3 Staves
 + Level 10.3 Ranged Weapons
 + Level 10.3 Throwing
 + Level 10.3 Armour
 + Level 11.3 Dodging
 + Level 13.8 Stealth
 + Level 10.3 Shields
 + Level 14.1 Unarmed Combat
 + Level 10.3 Spellcasting
 + Level 8.7 Conjurations
 + Level 8.7 Hexes
 + Level 8.7 Summonings
 + Level 8.7 Necromancy
 + Level 8.7 Translocations
 + Level 8.7 Transmutations
 + Level 8.7 Fire Magic
 + Level 8.7 Ice Magic
 + Level 8.7 Air Magic
 + Level 8.7 Earth Magic
 + Level 8.7 Poison Magic
 + Level 11.2 Invocations
 + Level 10.3 Evocations


You had 28 spell levels left.
You knew the following spells:

 Your Spells              Type           Power      Damage    Failure   Level
a - Passwall              Tmut/Erth      31%        N/A       1%          2
b - Manifold Assault      Tloc           38%        N/A       3%          4

Your spell library contained the following spells:

 Spells                   Type           Power      Damage    Failure   Level
 Apportation              Tloc           76%        N/A       1%          1
 Magic Dart               Conj           100%       1d8       1%          1
 Necrotise                Necr           100%       1d9       1%          1
 Sandblast                Erth           76%        2d16      1%          1
 Slow                     Hex            100%       N/A       1%          1
 Sting                    Tmut/Pois      100%       1d8       1%          1
 Summon Small Mammal      Summ           100%       N/A       1%          1
 Call Imp                 Summ           76%        N/A       1%          2
 Ensorcelled Hibernation  Hex/Ice        76%        N/A       1%          2
 Poisonous Vapours        Pois/Air       76%        N/A       1%          2
 Call Canine Familiar     Summ           38%        N/A       1%          3
 Confusing Touch          Hex            38%        N/A       1%          3
 Mephitic Cloud           Conj/Pois/Air  38%        N/A       1%          3
 Portal Projectile        Hex/Tloc       76%        N/A       1%          3
 Spider Form              Tmut/Pois      38%        N/A       1%          3
 Stone Arrow              Conj/Erth      76%        3d11      1%          3
 Vampiric Draining        Necr           38%        2d8       1%          3
 Anguish                  Hex/Necr       19%        N/A       3%          4
 Leda's Liquefaction      Hex/Erth       19%        N/A       3%          4
 Olgreb's Toxic Radiance  Pois           38%        N/A       3%          4
 Iskenderun's Battlesphe  Conj           38%        2d9       9%          5
 Lee's Rapid Deconstruct  Erth           19%        3d11*     9%          5
 Summon Forest            Summ/Tloc      19%        N/A       9%          5
 Summon Mana Viper        Hex/Summ       38%        N/A       9%          5
 Dispersal                Tloc           19%        N/A       43%         6
 Iron Shot                Conj/Erth      19%        9d4       43%         6
 Statue Form              Tmut/Erth      25%        N/A       43%         6
 Summon Cactus Giant      Summ           19%        N/A       43%         6
 Spellforged Servitor     Conj/Summ      19%        N/A       92%         7
 Disjunction              Tloc           19%        N/A       100%        8


Dungeon Overview and Level Annotations

Branches:
Dungeon (14/15)            Temple (1/1) D:7            Lair (5/5) D:11
 Shoals (0/4) Lair:3        Snake (0/4) Lair:3        Slime (0/5) Lair:5
    Orc (1/2) D:10         Vaults (0/5) D:13

Altars:
Ashenzari
Cheibriados
Dithmenos
Elyvilon
Fedhas
Gozag
Hepliaklqana
Kikubaaqudgha
Makhleb
Nemelex Xobeh
Okawaru
Qazlal
Ru
Sif Muna
Trog
Uskayaw
Vehumet
Wu Jian
Xom
Yredelemnul
Zin
The Shining One
Ignis
Jiyva

Shops:
D:9 :

Portals:
Hell: Lair:5

Annotations:
D:3 exclusion: statue
D:12 exclusion: obsidian statue


Innate Abilities, Weirdness & Mutations

You have very sharp teeth.
Your uncanny sense of smell can sniff out nearby items.
Your experience applies equally to all skills.
You expend magic power (3 MP) to strengthen your wands.


Message History

The centaur is distracted by your dazzling golden aura.
A two-headed ogre comes into view. It is wielding two +0 giant clubs.
The centaur shouts!
You stride towards the centaur!
You sock the centaur! You freeze the centaur.
The centaur is no longer distracted by gold.
You bite the centaur, but do no damage.
The centaur is severely wounded.
A centaur comes into view.
The centaur warrior wields a +0 shortbow.
The centaur warrior shoots an arrow.
The arrow hits you!
The centaur shoots an arrow.
The arrow misses you.
The centaur is distracted by your dazzling golden aura.
The vampire mosquito bites you but does no damage.
The centaur is distracted by your dazzling golden aura.
The centaur shouts!
As you read the scroll of teleportation, it crumbles to dust.
You feel strangely unstable.
The centaur shouts!
The centaur warrior shoots an arrow.
You block the arrow with an invisible shield... and reflect it back!
The arrow closely misses the centaur warrior.
The vampire mosquito bites you.
The vampire mosquito draws strength from your injuries!
A vampire mosquito comes into view.
The centaur warrior shoots an arrow.
The arrow hits you!
* * * LOW HITPOINT WARNING * * *
The vampire mosquito closely misses you.
Okay, then.
You stride towards the centaur! 2 vampire mosquitoes and a green ugly thing come into view.
You thump the centaur! You freeze the centaur.
The centaur is no longer distracted by gold.
The centaur is severely wounded.
You block the vampire mosquito's attack.
The centaur unwields a +0 shortbow.
The centaur hits you.
* * * LOW HITPOINT WARNING * * *
The centaur kicks you but does no damage.
The centaur warrior shoots an arrow.
The arrow hits you!!
You die...
Your body crumbles into a pile of gold.

###.#########...###
###..............u....
...##...............#
#...#.............(..
#......#.####y#...#.
###...##.#.# #O#...#
.# #.###.#.# #.#...#
.# #.......# #y#yy.#.#
.###......## #c@.....#
<....##...# ###cc.###
.########## cc.# .#
#.## $ .# .. ## .## #


You could see a green ugly thing, a centaur warrior, a two-headed ogre, 4
vampire mosquitoes and 4 centaurs.

Vanquished Creatures
  Kirke (Lair:4)
  The ghost of Wanayghufe the Severer, a journeyman MiBe of Trog (D:10)
  A dire elephant (Lair:5)
  An ettin (Orc:1)
  Snorg (D:10)
  A fire dragon (D:9)
  Josephine (D:10)
  The ghost of Waesas the Protected, a journeyman GrFi of Wu Jian (Orc:1)
  6 hydras
  6 boulder beetles
  2 centaur warriors
  5 catoblepae
  4 two-headed ogres
  2 dancing weapons (D:13)
  A tengu warrior (D:13)
  5 death yaks
  Sonja (Lair:5)
  A skyshark (Lair:5)
  A sun demon (Lair:5)
  A wizard (Lair:5)
  An ugly thing (D:13)
  An orc sorcerer (Orc:1)
  A manticore (D:13)
  13 elephants
  2 cyclopes
  5 black mambas
  A merfolk siren (Lair:3)
  A smoke demon (Lair:5)
  3 orange demons (Lair:5)
  A guardian serpent (Lair:5)
  15 cane toads
  2 rime drakes (Lair:5)
  An ice devil (Lair:5)
  8 komodo dragons
  2 kobold demonologists
  Psyche (D:8)
  A red devil (Lair:5)
  5 trolls
  A hornet (D:8)
  A polar bear (Lair:3)
  Grinder (D:4)
  A blink frog (shapeshifter) (D:6)
  13 blink frogs
  A dream sheep (Lair:5)
  9 slime creatures
  Sigmund (D:6)
  A vampire (D:12)
  A shadow (D:9)
  6 wraiths
  7 wyverns
  2 hogs (Lair:4)
  35 yaks
  6 basilisks
  2 steam dragons
  8 vampire mosquitoes
  2 nagas (Lair:3)
  A warg (Orc:1)
  An acid dragon (D:11)
  4 hell hounds (Lair:5)
  13 water moccasins
  An ice beast (D:7)
  12 orc warriors
  5 ogres
  5 black bears
  13 wolves
  18 centaurs
  3 phantoms
  2 kobold brigands
  7 bullfrogs
  2 gnoll sergeants
  4 scorpions
  7 wights
  18 killer bees
  3 howler monkeys
  2 electric eels
  A gnoll bouda (D:7)
  5 jellies
  7 orc priests
  Crazy Yiuf (D:4)
  3 hounds
  An iron imp (D:3)
  2 sleepcaps
  2 hell rats (Lair:3)
  15 orc wizards
  6 iguanas
  Natasha (D:4)
  11 gnolls
  7 adders
  10 river rats (Lair:3)
  A shadow imp (D:7)
  4 ufetubi
  3 worms
  4 dart slugs
  25 orcs
  10 ball pythons
  3 bats
  9 endoplasms
  4 giant cockroaches
  6 hobgoblins
  2 jackals (D:3)
  16 kobolds
  4 quokkas
  3 frilled lizards (D:1)
  7 goblins
  7 rats
  A spectral orc (D:4)
  A butterfly (Lair:2)
508 creatures vanquished.

Vanquished Creatures (others)
  A centaur (D:13)
  36 foxfires
37 creatures vanquished.

Grand Total: 545 creatures vanquished

Notes
Turn   | Place    | Note
-------+----------+-------------------------------------------
     0 | D:5      | Seranon the Gnoll Delver began the quest for the Orb.
     0 | D:5      | Reached XP level 1. HP: 23/23 MP: 1/1
   131 | D:4      | Noticed a hound
   193 | D:1      | Found a faded altar of an unknown god.
   196 | D:1      | Prayed at the altar of an unknown god.
   196 | D:1      | Became a worshipper of Ignis, the Dying Flame
   246 | D:2      | Reached XP level 2. HP: 17/29 MP: 2/2
   640 | D:1      | Reached XP level 3. HP: 35/35 MP: 3/3
   905 | D:1      | Reached skill level 1 in Invocations
  1430 | D:2      | Found a basalt altar of Yredelemnul.
  1458 | D:2      | Reached skill level 1 in Short Blades
  1458 | D:2      | Reached skill level 1 in Long Blades
  1458 | D:2      | Reached skill level 1 in Maces & Flails
  1458 | D:2      | Reached skill level 1 in Polearms
  1458 | D:2      | Reached skill level 1 in Staves
  1458 | D:2      | Reached skill level 1 in Ranged Weapons
  1458 | D:2      | Reached skill level 1 in Throwing
  1458 | D:2      | Reached skill level 1 in Armour
  1458 | D:2      | Reached skill level 1 in Shields
  1458 | D:2      | Reached skill level 1 in Unarmed Combat
  1458 | D:2      | Reached skill level 1 in Spellcasting
  1458 | D:2      | Reached skill level 1 in Evocations
  1587 | D:2      | Reached XP level 4. HP: 41/41 MP: 5/5
  2005 | D:3      | Reached skill level 1 in Conjurations
  2005 | D:3      | Reached skill level 1 in Hexes
  2005 | D:3      | Reached skill level 1 in Summonings
  2005 | D:3      | Reached skill level 1 in Necromancy
  2005 | D:3      | Reached skill level 1 in Translocations
  2005 | D:3      | Reached skill level 1 in Transmutations
  2005 | D:3      | Reached skill level 1 in Fire Magic
  2005 | D:3      | Reached skill level 1 in Ice Magic
  2005 | D:3      | Reached skill level 1 in Air Magic
  2005 | D:3      | Reached skill level 1 in Earth Magic
  2005 | D:3      | Reached skill level 1 in Poison Magic
  2129 | D:3      | Reached XP level 5. HP: 47/47 MP: 7/7
  2364 | D:3      | Found a radiant altar of Vehumet.
  2364 | D:3      | Noticed a frost-covered statue
  3083 | D:3      | Found a snail-covered altar of Cheibriados.
  3161 | D:4      | Noticed Grinder
  3168 | D:4      | Paralysed by Grinder for 2 turns
  3173 | D:4      | Killed Grinder
  3174 | D:4      | Reached skill level 5 in Axes
  3174 | D:4      | Reached skill level 5 in Dodging
  3174 | D:4      | Reached skill level 2 in Unarmed Combat
  3174 | D:4      | Reached XP level 6. HP: 26/53 MP: 7/9
  3527 | D:4      | Reached XP level 7. HP: 28/60 MP: 10/10
  4143 | D:4      | Noticed Natasha
  4163 | D:4      | Killed Natasha
  4184 | D:4      | Reached skill level 10 in Stealth
  4266 | D:4      | Found a basalt altar of Yredelemnul.
  4541 | D:4      | Found a runed translucent door.
  4542 | D:4      | Noticed Crazy Yiuf
  4548 | D:4      | Paralysed by Crazy Yiuf for 2 turns
  4550 | D:4      | Killed Crazy Yiuf
  4799 | D:4      | Reached skill level 3 in Unarmed Combat
  4981 | D:4      | Identified a scroll of acquirement
  4981 | D:4      | Acquired a +0 quick blade of venom
  5179 | D:5      | Reached XP level 8. HP: 60/67 MP: 12/12
  5617 | D:5      | Found a burning altar of Makhleb.
  5920 | D:6      | Reached skill level 4 in Unarmed Combat
  6481 | D:6      | an ice beast changed into a shapeshifter
  6481 | D:6      | Noticed a shapeshifter (shapeshifter)
  6481 | D:6      | a shapeshifter changed into a blink frog
  6481 | D:6      | Noticed a blink frog (shapeshifter)
  6509 | D:6      | Killed a blink frog
  6522 | D:6      | Found Niamav's Blasphemy Boutique.
  6632 | D:6      | Reached skill level 5 in Unarmed Combat
  6632 | D:6      | Reached XP level 9. HP: 22/73 MP: 13/15
  6860 | D:6      | Noticed Sigmund
  7073 | D:6      | Killed Sigmund
  7969 | D:7      | Reached skill level 5 in Invocations
  8102 | D:7      | Reached skill level 6 in Unarmed Combat
  8816 | D:7      | Found a staircase to the Ecumenical Temple.
  8985 | D:8      | Found a white marble altar of Elyvilon.
  9018 | D:8      | Reached skill level 5 in Short Blades
  9018 | D:8      | Reached skill level 5 in Long Blades
  9018 | D:8      | Reached skill level 5 in Maces & Flails
  9018 | D:8      | Reached skill level 5 in Polearms
  9018 | D:8      | Reached skill level 5 in Staves
  9018 | D:8      | Reached skill level 5 in Ranged Weapons
  9018 | D:8      | Reached skill level 5 in Throwing
  9018 | D:8      | Reached skill level 5 in Armour
  9018 | D:8      | Reached skill level 5 in Shields
  9018 | D:8      | Reached skill level 5 in Spellcasting
  9018 | D:8      | Reached skill level 5 in Evocations
  9018 | D:8      | Reached XP level 10. HP: 81/81 MP: 17/17
  9557 | D:8      | Noticed Psyche
  9559 | D:8      | Gained mutation: You expend magic power (3 MP) to
                  | strengthen your wands. [potion of mutation]
  9562 | D:8      | Killed Psyche
  9563 | D:8      | Reached skill level 7 in Unarmed Combat
  9592 | D:8      | Paralysed by a hornet for 2 turns
  9755 | D:8      | Noticed a two-headed ogre
  9799 | D:8      | Killed a two-headed ogre
 10750 | D:9      | Found Xausk's Book Emporium.
 11233 | D:9      | Reached skill level 8 in Unarmed Combat
 11248 | D:9      | Reached skill level 5 in Conjurations
 11248 | D:9      | Reached skill level 5 in Hexes
 11248 | D:9      | Reached skill level 5 in Summonings
 11248 | D:9      | Reached skill level 5 in Necromancy
 11248 | D:9      | Reached skill level 5 in Translocations
 11248 | D:9      | Reached skill level 5 in Transmutations
 11248 | D:9      | Reached skill level 5 in Fire Magic
 11248 | D:9      | Reached skill level 5 in Ice Magic
 11248 | D:9      | Reached skill level 5 in Air Magic
 11248 | D:9      | Reached skill level 5 in Earth Magic
 11248 | D:9      | Reached skill level 5 in Poison Magic
 11419 | D:9      | Noticed a two-headed ogre
 11427 | D:9      | Reached XP level 11. HP: 75/89 MP: 20/20
 11430 | D:9      | Killed a two-headed ogre
 11455 | D:9      | Noticed a two-headed ogre
 11473 | D:9      | Killed a two-headed ogre
 11492 | D:9      | HP: 2/89 [something (6)]
 11822 | D:9      | Reached skill level 9 in Unarmed Combat
 12292 | D:9      | Noticed a fire dragon
 12316 | D:9      | Killed a fire dragon
 13134 | D:10     | Entered Level 10 of the Dungeon
 13185 | D:10     | Noticed a boulder beetle
 13196 | D:10     | Noticed Josephine
 13326 | D:10     | Learned a level 2 spell: Passwall
 13339 | D:10     | Found a sacrificial altar of Ru.
 13433 | D:10     | Found a staircase to the Orcish Mines.
 13589 | D:10     | Killed a boulder beetle
 13590 | D:10     | Reached XP level 12. HP: 20/97 MP: 22/22
 13808 | D:10     | Learned a level 4 spell: Manifold Assault
 14053 | D:10     | Found a hazy altar of Hepliaklqana.
 14210 | D:10     | Noticed Snorg
 14225 | D:10     | HP: 1/97 [Snorg (12)]
 14229 | D:10     | Killed Snorg
 14230 | D:10     | Reached skill level 10 in Unarmed Combat
 14781 | D:11     | Noticed a boulder beetle
 14813 | D:11     | Killed a boulder beetle
 14814 | D:11     | Reached skill level 10 in Fighting
 14927 | D:11     | Found a staircase to the Lair.
 14947 | Lair:1   | Entered Level 1 of the Lair of Beasts
 15737 | Lair:1   | Noticed a boulder beetle
 15775 | Lair:1   | Killed a boulder beetle
 16484 | Lair:1   | Noticed a catoblepas
 16519 | Lair:1   | Killed a catoblepas
 16656 | Lair:1   | Reached skill level 11 in Unarmed Combat
 16793 | Lair:1   | Reached XP level 13. HP: 104/104 MP: 22/25
 18689 | Lair:3   | Found a staircase to the Snake Pit.
 19164 | Lair:3   | Found a staircase to the Shoals.
 19792 | Lair:4   | Noticed Kirke
 20123 | Lair:4   | Reached skill level 12 in Unarmed Combat
 20295 | Lair:4   | Killed Kirke
 20296 | Lair:4   | Reached skill level 10 in Axes
 20296 | Lair:4   | Reached skill level 10 in Dodging
 21202 | Lair:5   | Entered Level 5 of the Lair of Beasts
 21204 | Lair:5   | Noticed Sonja
 21507 | Lair:5   | Reached XP level 14. HP: 106/113 MP: 14/27
 21585 | Lair:5   | Found a viscous altar of Jiyva.
 21602 | Lair:5   | Killed Sonja
 21603 | Lair:5   | Reached skill level 10 in Invocations
 21616 | Lair:5   | Found a staircase to the Slime Pits.
 22652 | Lair:5   | HP: 4/113 [guardian serpent (12)]
 22928 | Lair:5   | Found the +3 pair of seven-league boots {Rampage+∞}
 23083 | Lair:5   | Reached skill level 13 in Unarmed Combat
 23812 | Lair:5   | Noticed a dire elephant
 23834 | Lair:5   | Killed a dire elephant
 23971 | Lair:5   | Found a burning altar of Makhleb.
 24203 | Lair:5   | Found a gateway to Hell.
 24210 | Lair:5   | Identified the ring "Cadaonok" {rPois rCorr Int+3}
 24952 | D:11     | Identified the +2 robe of Fabulous Curiosity {rF- rC++
                  | Dex+3 SInv}
 25741 | D:12     | Reached skill level 10 in Short Blades
 25741 | D:12     | Reached skill level 10 in Long Blades
 25741 | D:12     | Reached skill level 10 in Maces & Flails
 25741 | D:12     | Reached skill level 10 in Polearms
 25741 | D:12     | Reached skill level 10 in Staves
 25741 | D:12     | Reached skill level 10 in Ranged Weapons
 25741 | D:12     | Reached skill level 10 in Throwing
 25741 | D:12     | Reached skill level 10 in Armour
 25741 | D:12     | Reached skill level 10 in Shields
 25741 | D:12     | Reached skill level 10 in Spellcasting
 25741 | D:12     | Reached skill level 10 in Evocations
 26793 | D:13     | Reached XP level 15. HP: 100/120 MP: 29/29
 26980 | D:13     | Identified the +3 dagger of the Slimy God {freeze, *Rage
                  | rCorr Str+6}
 27697 | D:13     | Found a gate to the Vaults.
 27979 | Temple   | Entered the Ecumenical Temple
 27984 | Temple   | Fell from the grace of Ignis
 27984 | Temple   | Became a worshipper of Gozag Ym Sagoz the Greedy
 28058 | D:10     | Killed Josephine
 28059 | D:10     | Reached skill level 14 in Unarmed Combat
 28277 | Orc:1    | Entered Level 1 of the Orcish Mines
 28674 | Orc:1    | Found a runed translucent gate.
 28674 | Orc:1    | Found a runed translucent gate.
 28674 | Orc:1    | Found a runed translucent gate.
 28678 | Orc:1    | Noticed Wanayghufe's ghost (journeyman MiBe)
 28678 | Orc:1    | Noticed Waesas's ghost (journeyman GrFi)
 28798 | D:10     | Killed Wanayghufe's ghost
 29027 | Orc:1    | Killed Waesas's ghost
 29168 | Orc:1    | Identified the staff of poison "Sopeplom" {rPois Will++}
 29397 | D:14     | Shot with an arrow by a centaur warrior

Illustrated notes

Levels and vault maps discovered:
D:1:      spicycebolla_arrival_ecumenical, layout_loops_corners,
          minmay_box_of_dots
D:2:      layout_loops_ring, basic_altar, kennysheep_decorative_pillar
D:3:      layout_basic, slow_altar_2, vehumet_statue, grunt_decor_clamped
D:4:      wad_river_or_something, layout_layer_cave,
          yredelemnul_forgotten_temple_becter, minmay_manual_mares,
          uniq_crazy_yiuf_cottage, uniq_natasha, uniq_grinder
D:5:      layout_basic, makhleb_blood_cavern_becter
D:6:      layout_rooms, serial_corexii_hall, corexii_hall_statues_t,
          chequers_hall_statues_wall_a, nicolae_evil_shop, uniq_sigmund
D:7:      layout_cave_pods, minmay_temple_entry_enclosed_plants,
          nicolae_wand_duel
D:8:      layout_rooms, elyvilon_altar_1, uniq_psyche
D:9:      nzn_winding_woodlands_cross
          [nzn_winding_woodlands_5x15_river_crossing,
          nzn_winding_woodlands_5x15_twine, nzn_winding_woodlands_5x15_pool,
          nzn_winding_woodlands_5x15_pathside_ponds,
          nzn_winding_woodlands_15x15_killbox], layout_grid_maze, serial_shops,
          nicolae_shop_crystal, hex_large, minmay_fractal_squares_gapless_5
D:10:     layout_long_grid, nicolae_ru_the_path_less_chosen,
          worldfamousw_hep_ancestral_shrine, uniq_snorg, uniq_josephine
D:11:     layout_gridville, minmay_lair_entry_grove
D:12:     layout_gridville, serial_bayou_pond_d, minmay_protected_statue
D:13:     layout_big_octagon, erik_vaults_1, gauntlet_entry_generic
D:14:     layout_loops_cross, nicolae_kikubaaqudgha_miasma_corner
Temple:   minmay_freezing_vapour_temple
Lair:1:   layout_roguey, bh_autumn_forest_stairs
Lair:2:   layout_regular_city, grunt_megastairs_1, lemuel_fruit_fields
Lair:3:   layout_gridlike, minmay_shoals_entry_lonely_mermaid,
          guppyfry_snake_entry_garden, kennysheep_rathole
Lair:4:   layout_hall_layers, uniq_kirke
Lair:5:   evil_forest, layout_cave_pods, nicolae_slime_entry_slimehenge,
          hellmonk_guarded_unrand_seven_league_boots, infiniplex_staircase_pool,
          lemuel_fruit_fields, uniq_sonja
Orc:1:    layout_caves, gammafunk_ghost_cemetery, serial_shops,
          nicolae_shop_back_alley_shop, basic_altar

Skill      XL: |  1  2  3  4  5  6  7  8  9 10 11 12 13 14 15 |
---------------+----------------------------------------------+-----
Stealth        | 10 11 12 13 | 13.8
Invocations    | 1 2 3 4 5 6 7 8 9 10 11 | 11.2
Short Blades   | 1 2 3 4 5 6 7 8 9 10 | 10.3
Long Blades    | 1 2 3 4 5 6 7 8 9 10 | 10.3
Maces & Flails | 1 2 3 4 5 6 7 8 9 10 | 10.3
Polearms       | 1 2 3 4 5 6 7 8 9 10 | 10.3
Staves         | 1 2 3 4 5 6 7 8 9 10 | 10.3
Ranged Weapons | 1 2 3 4 5 6 7 8 9 10 | 10.3
Throwing       | 1 2 3 4 5 6 7 8 9 10 | 10.3
Armour         | 1 2 3 4 5 6 7 8 9 10 | 10.3
Shields        | 1 2 3 4 5 6 7 8 9 10 | 10.3
Unarmed Combat | 1 2 3 5 6 8 9 11 12 13 14 | 14.1
Spellcasting   | 1 2 3 4 5 6 7 8 9 10 | 10.3
Evocations     | 1 2 3 4 5 6 7 8 9 10 | 10.3
Conjurations   | 1 2 3 4 5 6 7 8 |  8.7
Hexes          | 1 2 3 4 5 6 7 8 |  8.7
Summonings     | 1 2 3 4 5 6 7 8 |  8.7
Necromancy     | 1 2 3 4 5 6 7 8 |  8.7
Translocations | 1 2 3 4 5 6 7 8 |  8.7
Transmutations | 1 2 3 4 5 6 7 8 |  8.7
Fire Magic     | 1 2 3 4 5 6 7 8 |  8.7
Ice Magic      | 1 2 3 4 5 6 7 8 |  8.7
Air Magic      | 1 2 3 4 5 6 7 8 |  8.7
Earth Magic    | 1 2 3 4 5 6 7 8 |  8.7
Poison Magic   | 1 2 3 4 5 6 7 8 |  8.7
Axes           | 5 6 7 8 9 10 11 | 11.3
Dodging        | 5 6 7 8 9 10 11 | 11.3
Fighting       | 7 8 9 10 11 12 | 12.2

Action                     |  1- 3 |  4- 6 |  7- 9 | 10-12 | 13-15 || total
---------------------------+-------+-------+-------+-------+-------++-------
  Melee: Hand axe          |   119 |   146 |    95 |       |       ||   360
         Bite              |     9 |    21 |    87 |   103 |   117 ||   337
         Quick blade       |       |       |   435 |   101 |       ||   536
         Punch             |       |       |    30 |     8 |       ||    38
         Quarterstaff      |       |       |    33 |       |       ||    33
         Scimitar          |       |       |       |    65 |       ||    65
         Dire flail        |       |       |       |   530 |  1124 ||  1654
         Unarmed           |       |       |       |     6 |       ||     6
   Cast: Manifold Assault  |       |       |       |    21 |   172 ||   193
 Invoke: Fiery Armour      |       |     1 |       |     5 |       ||     6
         Foxfire Swarm     |       |       |       |     1 |     1 ||     2
  Evoke: Wand              |       |       |       |    10 |       ||    10
         Phantom mirror    |       |       |       |     1 |       ||     1
    Use: Scroll            |     6 |     4 |     7 |     5 |    11 ||    33
         Potion            |       |       |     7 |    11 |     6 ||    24
   Stab: Sleeping          |     9 |     1 |       |     2 |     3 ||    15
         Confused          |       |       |     2 |     1 |       ||     3
         Distracted        |       |       |     1 |     2 |     1 ||     4
 Armour: Leather armour    |     3 |       |       |       |       ||     3
         Chain mail        |    55 |    95 |   272 |    11 |       ||   433
         Scale mail        |       |       |       |   319 |   348 ||   667
         Plate armour      |       |       |       |    45 |       ||    45
  Dodge: Dodged            |    51 |    35 |   160 |   369 |   388 ||  1003
  Block: Other             |       |       |       |    64 |   162 ||   226
         Reflection        |       |       |       |     1 |     9 ||    10
